 Dungeon Sprint DCSS version 0.22-a0-750-ga7dcef7 (webtiles) character file.

39 collin38 the Skirmisher (level 3, -4/37 HPs)
             Began as a Minotaur Fighter on July 15, 2018.
             Slain by a water elemental (18 damage)
             ... in the Dungeon (Sprint III: "The Ten Rune Challenge").
             The game lasted 00:00:30 (224 turns).

collin38 the Skirmisher (Minotaur Fighter)           Turns: 224, Time: 00:00:31

Health: -4/37      AC:  7    Str: 21    XL:     3   Next: 28%
Magic:  2/2        EV:  7    Int:  5    God:
Gold:   8          SH:  9    Dex:  9    Spells: 2/2 levels left

rFire    . . .     SeeInvis .   a - +0 long sword
rCold    . . .     Gourm    .   c - +0 shield
rNeg     . . .     Faith    .   b - +0 scale mail
rPois    .         Spirit   .   (helmet restricted)
rElec    .         Reflect  .   (no cloak)
rCorr    .         Harm     .   (no gloves)
MR       .....     NoTele   +   (no boots)
Stlth    ..........             (no amulet)
HPRegen  0.12/turn              (no ring)
MPRegen  0.08/turn              (no ring)

@: engulfed (cannot breathe)
A: retaliatory headbutt, horns 2
a: no special abilities


You were in the Dungeon.
You were not hungry.

You visited 1 branch You collected 8 gold pieces.

Inventory:

Hand Weapons
 a - a +0 long sword (weapon)
Armour
 b - a +0 scale mail (worn)
 c - a +0 shield (worn)
Scrolls
 k - a scroll of blinking
Potions
 d - a potion of might
 e - a potion of curing
 g - a potion of heal wounds
 h - a potion of haste
 i - 2 potions of magic
 j - a potion of berserk rage
Comestibles
 f - a ration


   Skills:
 * Level 5.7 Fighting
 * Level 4.7 Long Blades
 + Level 5.0 Armour
 + Level 5.1 Shields


You had 2 spell levels left.
You didn't know any spells.
Your spell library was empty.

Dungeon Overview and Level Annotations

Branches:
Dungeon (1/1)

Altars:


Innate Abilities, Weirdness & Mutations

You reflexively headbutt those who attack you in melee.
You have a pair of horns on your head.


Message History

HP restored.
You start waiting.
You open the door.
A water elemental comes into view.
The water elemental hits you.
The water elemental engulfs you in water!
There is an open door to the Ecumenical Temple here.
You slash the water elemental!
The water elemental is moderately damaged.
Your lungs strain for air!
You block the water elemental's attack.
You slash the water elemental!
The water elemental is severely damaged.
Your lungs strain for air!
You block the water elemental's attack. x2
You hit the water elemental. You headbutt the water elemental.
The water elemental is almost destroyed.
Your lungs strain for air!
The water elemental hits you!!
You die...

▓▓▓▓▓▓▓ ▓▓▓ ..#...####
##.# ..#......## #..#
.##.......# #..#
#.##.##...# #..###+#+##
#.##.###..# +#..#.......
.####.##..# #...@E⌠.....
###..##.†####...#...####
.....##..###....#.⌠.#
##..##...##.....#...#
#†.##....#..†...#+###
..###..##.#.....# ..#
#.. ####....# ▓▓▓ ▓▓▓
▓▓▓▓▓▓


You could see a water elemental.

Vanquished Creatures
  A human (D)
  A wolf (D)
  An ooze (D)
  3 rats (D)
6 creatures vanquished.

Vanquished Creatures (others)
  A draconian scorcher (D)
  6 hellions (D)
  A yaktaur (D)
8 creatures vanquished.

Grand Total: 14 creatures vanquished

Notes
Turn   | Place    | Note
-------+----------+-------------------------------------------
     0 | D        | collin38 the Minotaur Fighter began the quest for the Orb.
     0 | D        | Reached XP level 1. HP: 19/19 MP: 0/0
    45 | D        | Noticed a wolf
    51 | D        | Killed a wolf
    51 | D        | Reached skill level 5 in Fighting
    51 | D        | Reached XP level 2. HP: 23/29 MP: 1/1
    64 | D        | Reached skill level 5 in Armour
    64 | D        | Reached skill level 5 in Shields
    64 | D        | Reached XP level 3. HP: 21/37 MP: 2/2
   100 | D        | Killed a hellion
   105 | D        | Killed a hellion
   105 | D        | Killed a hellion
   136 | D        | Killed a hellion
   136 | D        | Killed a hellion
   151 | D        | Killed a hellion
   153 | D        | Killed a white draconian scorcher
   193 | D        | Killed a yaktaur
   220 | D        | Noticed a water elemental
   224 | D        | Slain by a water elemental

Vault maps used:
D:        dungeon_sprint_mu

Skill      XL: |  1  2 |
---------------+-------+-----
Fighting       | 5 |  5.7
Armour         | 4 5 |  5.0
Shields        | 4 5 |  5.1
Long Blades    | 4 |  4.7

Action                   || total
-------------------------++-------
Melee: Long sword        ||    26
       Headbutt          ||     4
Armor: Scale mail        ||    10
Dodge: Dodged            ||    14
Block: Shield            ||    17
       Rpst.: Long sword ||     2

Table legend:
 A = Spawn XP
 B = Non-spawn XP
 C = Spawn XP percentage of total XP
 D = Spawn monster count
 E = Non-spawn monster count
 F = Spawn count percentage of total count
 G = Total turns spent on level
                    A         B        C        D         E        F      G
               +---------+---------+-------+---------+---------+-------+---------
         Total |       0 |      57 |   0.0 |       0 |       6 |   0.0 |   224
               +---------+---------+-------+---------+---------+-------+---------
             D |       0 |      57 |   0.0 |       0 |       6 |   0.0 |   224
               +---------+---------+-------+---------+---------+-------+---------
